 Dungeon Crawl Stone Soup version 0.30.0 (webtiles) character file.

Game seed: 14156855125790360504

10 arghonaut the Slasher (level 2, 26/26 HPs)
             Began as a Hill Orc Monk on May 21, 2023.
             Quit the game on level 1 of the Dungeon.
             The game lasted 00:01:28 (827 turns).

arghonaut the Slasher (Hill Orc Monk)                Turns: 827, Time: 00:01:28

Health: 26/26      AC:  3    Str: 13    XL:     2   Next: 20%
Magic:  2/2        EV: 12    Int: 10    God:
Gold:   53         SH:  0    Dex: 13    Spells: 1/1 levels left

rFire   . . .        a - +0 falchion
rCold   . . .        d - orb {light}
rNeg    . . .        b - +0 robe
rPois   .            (no helmet)
rElec   .            (no cloak)
rCorr   .            (no gloves)
SInv    .            m - +0 pair of boots
Will    .....        (no amulet)
Stlth   +            (no ring)
HPRegen 0.24/turn    (no ring)
MPRegen 0.08/turn

%: no passive effects
@: glowing
A: no striking features
a: no special abilities


You were on level 1 of the Dungeon.
You visited 1 branch of the dungeon, and saw 1 of its levels.

You collected 53 gold pieces.

Inventory:

Hand Weapons
 a - a +0 falchion (weapon)
Armour
 b - a +0 robe (worn)
 d - an orb of light (worn)
 m - a +0 pair of boots (worn)
 n - a +0 plate armour
Scrolls
 f - a scroll of blinking {unknown}
 j - a scroll of enchant weapon {unknown}
 k - a scroll of identify {unknown}
Potions
 c - a potion of ambrosia
 e - a potion of cancellation {unknown}
 g - a potion of flight {unknown}
 h - a potion of curing {unknown}
 i - a potion of brilliance {unknown}
 l - a potion of invisibility {unknown}


   Skills:
 - Level 3.6 Fighting
 + Level 4.0 Long Blades
 - Level 2.4 Dodging


You had one spell level left.
You didn't know any spells.
Your spell library was empty.

Dungeon Overview and Level Annotations

Branches:
Dungeon (1/15)

Altars:


Message History

You open the door.
There is an open door here.
You open the door.
There is an open door here.
You open the door.
There is an open door here.
There is an escape hatch in the floor here.
You see here a stone.
As you open the door, it creaks loudly!
There is an open door here.
Found a pair of boots.
A kobold comes into view. It is wielding a +0 dagger.
The kobold shouts!
Unknown command.
The kobold throws a stone.
The stone hits you but does no damage.
You see here a +0 pair of boots.
You completely miss the kobold. The kobold hits you with a +0 dagger.
You closely miss the kobold. The kobold barely misses you.
The kobold hits you with a +0 dagger.
You hit the kobold.
The kobold is heavily wounded.
The kobold closely misses you.
You hit the kobold.
You kill the kobold!
No target in view!
m - a +0 pair of boots You start putting on your armour.
You continue putting on your +0 pair of boots. x4
You finish putting on your +0 pair of boots.
Found a plate armour.
You see here a +0 plate armour.
You now have 53 gold pieces (gained 6).
There is an open door here.
Key pressed, stopping explore.
Unknown command.
Search for what [? for help]? plate
There is an open door here.
You see here a +0 plate armour.
n - a +0 plate armour Are you sure you want to abandon this character and quit the game? (Confirm with "yes".)

#...###..#.########......#
..### #..........##......#
########.#.#####.##......#
.........#.# #.##......#
..########.# #.#######.#
..# #.# #.# #.# ### #.#
#.# #.# #.# #.# #.# #.#
#@#######.# #.#
#.........# #.#
########### #.# #.#
##########.# ...........#
##########.# ###


There were no monsters in sight!

Vanquished Creatures
  A dart slug (D:1)
  An endoplasm (D:1)
  A giant cockroach (D:1)
  A hobgoblin (D:1)
  A kobold (D:1)
  3 rats (D:1)
8 creatures vanquished.

Notes
Turn   | Place    | Note
-------+----------+-------------------------------------------
     0 | D:1      | arghonaut the Hill Orc Monk began the quest for the Orb.
     0 | D:1      | Reached XP level 1. HP: 19/19 MP: 1/1
   491 | D:1      | Reached XP level 2. HP: 25/26 MP: 2/2
   551 | D:1      | Reached skill level 4 in Long Blades
   827 | D:1      | Quit the game

Illustrated notes

Levels and vault maps discovered:
D:1:      dpeg_arrival_central, layout_basic

Skill      XL: |  1  2 |
---------------+-------+-----
Long Blades    | 4 |  4.0
Fighting       | |  3.6
Dodging        | |  2.4

Action                     || total
---------------------------++-------
  Melee: Falchion          ||    28
 Armour: Robe              ||     4
  Dodge: Dodged            ||    13
